 Dungeon Crawl Stone Soup version 0.24.0-125-gc4c63601f3 (webtiles) character file.

Game seed: 4592461363441384542, levelgen mode: deterministic

1378431 hairmachine the Conqueror (level 25, 246/257 HPs)
             Began as a Minotaur Summoner on Feb 14, 2020.
             Was the Champion of Ru.
             Escaped with the Orb
             ... and 3 runes on Feb 18, 2020!
             The game lasted 05:33:33 (104986 turns).

hairmachine the Conqueror (Minotaur Summoner)     Turns: 104986, Time: 05:33:34

Health: 246/257    AC: 37    Str: 22    XL:     25
Magic:  21/25      EV: 12    Int:  8    God:    Ru [******]
Gold:   3357       SH: 27    Dex: 15    Spells: 25/26 levels left

rFire    + . .     SeeInvis .   G - +9 demon whip (elec)
rCold    + . .     Gourm    .   t - +2 large shield
rNeg     + + +     Faith    .   O - +0 gold dragon scales
rPois    +         Spirit   .   r - +2 hat {MR+}
rElec    +         Reflect  .   m - +2 cloak {+Inv}
rCorr    +         Harm     .   U - +2 pair of gloves "Wituggie" {+Fly MR+ Int+3 Dex+3}
MR       +++..     Rnd*Rage +   H - +1 pair of boots {Stlth+}
Stlth    ..........             X - amulet of Mysticism {RegenMP rElec rN+++ Str+2 Int-5}
HPRegen  0.52/turn              n - ring of resist corrosion
MPRegen  0.44/turn              K - +3 ring of slaying

@: lightly drained
A: retaliatory headbutt, horns 2, berserk 1, dopey 1, low mp 1, weak 2, no
stealth, hated by all, cowardly, inexperienced 1
0: Orb of Zot
}: 3/15 runes: barnacled, slimy, gossamer
a: Draw Out Power, Power Leap, Apocalypse, Renounce Religion, Evoke
Invisibility, Evoke Flight


You escaped.
You worshipped Ru.
Ru was exalted by your worship.
You were full.

You visited 12 branches of the dungeon, and saw 54 of its levels.
You also visited: Ossuary.

You collected 6316 gold pieces.
You spent 2959 gold pieces at shops.

Inventory:

Hand Weapons
 G - a +9 demon whip of electrocution (weapon)
Missiles
 b - 41 silver javelins (quivered)
 j - 133 javelins
 l - 12 silver boomerangs
 s - 100 boomerangs
 u - 16 throwing nets
Armour
 m - a +2 cloak of invisibility (worn)
 r - a +2 hat of magic resistance (worn)
 t - a +2 large shield (worn)
 H - a +1 pair of boots of stealth (worn)
 O - +0 gold dragon scales (worn)
 U - the +2 pair of gloves "Wituggie" (worn) {+Fly MR+ Int+3 Dex+3}
   (You acquired it on level 13 of the Dungeon)

   It affects your intelligence (+3).
   It affects your dexterity (+3).
   It affects your resistance to hostile enchantments.
   It lets you fly.
Jewellery
 n - a ring of resist corrosion (left hand)
 I - an uncursed ring of protection from cold
 J - an uncursed ring of positive energy
 K - a +3 ring of slaying (right hand)
 R - an uncursed ring of protection from magic
 X - the amulet of Mysticism (around neck) {RegenMP rElec rN+++ Str+2 Int-5}
   (You found it on level 5 of the Pits of Slime)

   [amulet of magic regeneration]

   It increases your magic regeneration.
   It affects your strength (+2).
   It affects your intelligence (-5).
   It insulates you from electricity.
   It renders you almost immune to negative energy.
Wands
 g - a wand of clouds (8)
 y - a wand of digging (6)
 z - a wand of paralysis (29)
 A - a wand of iceblast (29)
 C - a wand of acid (16)
 Q - a wand of scattershot (4)
 W - a wand of disintegration (45)
Scrolls
 a - 16 scrolls of identify
 e - 6 scrolls of fog
 i - 26 scrolls of remove curse
 k - 18 scrolls of teleportation
 o - 7 scrolls of immolation
 p - 2 scrolls of holy word
 L - 10 scrolls of magic mapping
 M - 8 scrolls of fear
 Y - 3 scrolls of blinking
 Z - 2 scrolls of silence
Potions
 d - 17 potions of curing
 f - 5 potions of resistance
 q - 3 potions of magic
 v - 2 potions of cancellation
 w - 6 potions of haste
 x - 5 potions of might
 B - 6 potions of heal wounds
 D - 7 potions of mutation
 E - 3 potions of ambrosia
 F - a potion of berserk rage
 S - 3 potions of agility
Miscellaneous
 P - a phial of floods
 T - a lamp of fire
 V - a lightning rod (4/4)
Comestibles
 c - 75 rations


   Skills:
 O Level 27(26.0) Fighting
 - Level 14.0(13.3) Maces & Flails
 + Level 19.7(18.9) Throwing
 + Level 22.9(22.0) Armour
 - Level 15.0(14.3) Dodging
 - Level 25.0(24.1) Shields
 - Level 1.3(0.8) Spellcasting
 - Level 2.9(2.4) Summonings
 - Level 8.0(7.4) Evocations


You had 25 spell levels left.
You knew the following spells:

 Your Spells              Type           Power        Failure   Level  Hunger
a - Summon Small Mammal   Summ           #...         95%         1    ##.....

Your spell library contained the following spells:

 Spells                   Type           Power        Failure   Level  Hunger
 Apportation              Tloc           #.....       100%        1    ##.....
 Confusing Touch          Hex            #.....       100%        1    ##.....
 Corona                   Hex            #......      100%        1    ##.....
 Infusion                 Chrm           #...         100%        1    ##.....
 Magic Dart               Conj           #...         100%        1    ##.....
 Pain                     Necr           #...         100%        1    ##.....
 Sandblast                Erth           #.....       100%        1    ##.....
 Shock                    Conj/Air       #...         100%        1    ##.....
 Sting                    Conj/Pois      #...         100%        1    ##.....
 Corpse Rot               Necr           N/A          100%        2    ###....
 Ensorcelled Hibernation  Hex/Ice        #.....       100%        2    ###....
 Passwall                 Tmut/Erth      #.......     100%        2    ###....
 Poisonous Vapours        Pois/Air       #.....       100%        2    ###....
 Slow                     Hex            #.......     100%        2    ###....
 Song of Slaying          Chrm           #.......     100%        2    ###....
 Sublimation of Blood     Necr           #.........   100%        2    ###....
 Swiftness                Chrm/Air       #.......     100%        2    ###....
 Confuse                  Hex            #.......     100%        3    ####...
 Gell's Gravitas          Tloc           #.........   100%        3    ####...
 Ignite Poison            Fire/Tmut/Pois #.......     100%        3    ####...
 Inner Flame              Hex/Fire       #.......     100%        3    ####...
 Mephitic Cloud           Conj/Pois/Air  #.......     100%        3    ####...
 Portal Projectile        Hex/Tloc       #.....       100%        3    ####...
 Regeneration             Chrm/Necr      #.........   100%        3    ####...
 Spider Form              Tmut/Pois      #.........   100%        3    ####...
 Static Discharge         Conj/Air       #.......     100%        3    ####...
 Stone Arrow              Conj/Erth      #.....       100%        3    ####...
 Vampiric Draining        Necr           #.........   100%        3    ####...
 Airstrike                Air            #.........   100%        4    #####..
 Cause Fear               Hex            #.........   100%        4    #####..
 Ice Form                 Ice/Tmut       #.......     100%        4    #####..
 Leda's Liquefaction      Hex/Erth       #.........   100%        4    #####..
 Olgreb's Toxic Radiance  Pois           #.......     100%        4    #####..
 Petrify                  Tmut/Erth      #.......     100%        4    #####..
 Alistair's Intoxication  Tmut/Pois      #.......     100%        5    ######.
 Bolt of Draining         Conj/Necr      #.........   100%        5    ######.
 Bolt of Magma            Conj/Fire/Erth #.........   100%        5    ######.
 Borgnjor's Vile Clutch   Necr/Erth      #.........   100%        5    ######.
 Dispel Undead            Necr           #.......     100%        5    ######.
 Excruciating Wounds      Chrm/Necr      #.........   100%        5    ######.
 Fireball                 Conj/Fire      #.........   100%        5    ######.
 Irradiate                Conj/Tmut      #.........   100%        5    ######.
 Lee's Rapid Deconstruct  Erth           #.........   100%        5    ######.
 Lightning Bolt           Conj/Air       #.........   100%        5    ######.
 Metabolic Englaciation   Hex/Ice        #.........   100%        5    ######.
 Silence                  Hex/Air        #.........   100%        5    ######.
 Venom Bolt               Conj/Pois      #.........   100%        5    ######.
 Yara's Violent Unravell  Hex/Tmut       #.........   100%        5    ######.
 Bolt of Cold             Conj/Ice       #.........   100%        6    #######
 Conjure Ball Lightning   Conj/Air       #.........   100%        6    #######
 Darkness                 Hex            #.........   100%        6    #######
 Deflect Missiles         Chrm/Air       #.........   100%        6    #######
 Freezing Cloud           Conj/Ice/Air   #.........   100%        6    #######
 Invisibility             Hex            #.......     100%        6    #######
 Iron Shot                Conj/Erth      #.........   100%        6    #######
 Ozocubu's Refrigeration  Ice            #.........   100%        6    #######
 Poison Arrow             Conj/Pois      #.........   100%        6    #######
 Statue Form              Tmut/Erth      #........    100%        6    #######
 Chain Lightning          Conj/Air       #.........   100%        8    #######
 Discord                  Hex            #.........   100%        8    #######
 Lehudib's Crystal Spear  Conj/Erth      #.........   100%        8    #######
 Fire Storm               Conj/Fire      #.........   100%        9    #######
 Glaciate                 Conj/Ice       #.........   100%        9    #######
 Shatter                  Erth           #.........   100%        9    #######
 Tornado                  Air            #.........   100%        9    #######
 Summon Butterflies       Summ           Unusable     N/A         1    N/A
 Call Imp                 Summ           Unusable     N/A         2    N/A
 Animate Skeleton         Necr           Unusable     N/A         1    N/A
 Sticks to Snakes         Tmut           Unusable     N/A         2    N/A
 Call Canine Familiar     Summ           Unusable     N/A         3    N/A
 Summon Guardian Golem    Hex/Summ       Unusable     N/A         3    N/A
 Animate Dead             Necr           Unusable     N/A         4    N/A
 Passage of Golubria      Tloc           Unusable     N/A         4    N/A
 Summon Ice Beast         Ice/Summ       Unusable     N/A         4    N/A
 Summon Lightning Spire   Summ/Air       Unusable     N/A         4    N/A
 Summon Mana Viper        Hex/Summ       Unusable     N/A         5    N/A
 Shadow Creatures         Summ           Unusable     N/A         6    N/A
 Simulacrum               Ice/Necr       Unusable     N/A         6    N/A
 Summon Hydra             Summ           Unusable     N/A         7    N/A

Dungeon Overview and Level Annotations

Branches:
Dungeon (15/15)            Temple (1/1) D:4            Lair (6/6) D:11
 Shoals (4/4) Lair:4       Spider (4/4) Lair:2        Slime (5/5) Lair:6
    Orc (2/2) D:9             Elf (2/3) Orc:2        Vaults (4/5) D:13
  Crypt (0/3) Vaults:2     Depths (5/5) D:15           Hell (visited)
    Zot (5/5) Depths:5    Ossuary (visited)
    Dis: Hell:1         Geh: Hell:1         Coc: Hell:1         Tar: Hell:1

Altars:
Ashenzari
Cheibriados
Dithmenos
Fedhas
Gozag
Hepliaklqana
Kikubaaqudgha
Makhleb
Nemelex Xobeh
Okawaru
Qazlal
Ru
Sif Muna
Trog
Vehumet
Wu Jian
Xom
Yredelemnul
Zin
The Shining One
Beogh

Shops:
D:10 (   D:11 %   Orc:2 =(%%   Elf:1 :   Vaults:1 [   Zot:5 *   Depths:5 =}=

Portals:
Hell: Depths:1 Depths:2 Depths:3 Depths:4 Depths:5
Abyss: Depths:1 Depths:4
Pandemonium: Depths:3
Ziggurat: Depths:1
Trove: Elf:1 (show abyssal rune of Zot)

Annotations:
D:6 exclusion: oklob plant
D:7 exclusion: 3 doors
D:12 2 runed translucent doors
Hell exclusion: 2 ice statues, Geryon


Innate Abilities, Weirdness & Mutations

You reflexively headbutt those who attack you in melee.
You have a pair of horns on your head.
Your magical capacity is low. (-10% MP)
You cannot be stealthy.
You are hated by all.
Your cowardice makes you less effective in combat with threatening monsters.
You are somewhat inexperienced. (-2 XL)
You tend to lose your temper in combat.
You are dopey. (Int -2)
You are very weak. (Str -4)


Message History

The bat dissolves into shadows!
Deactivating autopickup; reactivate with Ctrl-A.
You hit something. You hit something. Something completely misses you.
You whack something! You whack something!
Something hits you but does no damage.
You whack something! You headbutt something.
Your gold dragon scales prevents you from hitting something.
You headbutt something. Something hits you!!
You feel your power leaking away.
You whack something! Your headbutt misses something. You barely miss something.
Something hits you but does no damage.
You thrash something!! You headbutt something. You whack something!
Reactivating autopickup.
You feel a bit more experienced.
There is an open door here.
There is an open door here.
There is a staircase leading out of the dungeon here.
You have escaped!

### #.. #################
#.# #P..#...#.@.#.P.# #.#
#...#P..#P..#..P# #..
##'###'###'###'## #.#
#...............### #####.#
#...............'.###......
#...............#.....####.
##'###'###'###'######.####.
#÷.P#...#...#...# #.##...
#P.≈#...#...#..P# #.##.#.


There were no monsters in sight!

Vanquished Creatures
  the Royal Jelly (Slime:5)
  2 orbs of fire (Zot:5)
  10 ancient liches (Zot:5)
  Boris (twice) (Depths:3 Depths:4)
  Margery (Depths:4)
  Saint Roka (Depths:5)
  A caustic shrike (Depths:3)
  2 Killer Klowns (Zot:5)
  A curse toe (Zot:5)
  Xtahua (Depths:4)
  7 golden dragons
  Nikola (Depths:1)
  2 bone dragons (Depths:5)
  3 electric golems
  9 tentacled monstrosities
  3 liches
  24 Orb Guardians
  5 quicksilver dragons
  An Executioner (D:4)
  25 acid blobs
  5 death cobs
  Polyphemus (Shoals:3)
  Gastronok (Lair:1)
  6 tengu reavers
  8 storm dragons
  Kirke (Shoals:4)
  Frances (D:12)
  Ilsuiw (Shoals:4)
  4 sphinxes
  5 shadow dragons
  12 azure jellies
  3 draconian monks
  2 deep elf sorcerers
  7 ghost moths
  6 fire giants
  4 vault wardens
  A draconian knight (Zot:3)
  7 frost giants
  A balrug (Depths:3)
  2 iron dragons
  9 emperor scorpions
  Aizul (Vaults:3)
  3 orc warlords
  A ghoul (Vaults:3)
  A draconian scorcher (Zot:5)
  Louise (D:13)
  13 ironheart preservers
  3 draconian stormcallers
  13 stone giants
  2 draconian shifters
  A draconian annihilator (Zot:5)
  2 reapers
  A spriggan defender (Depths:4)
  A deep elf elementalist (Depths:4)
  19 very ugly things
  A war gargoyle (Vaults:4)
  4 entropy weavers
  3 deep elf demonologists (Depths:4)
  4 vampire knights
  3 green draconians
  Nessos (D:14)
  3 white draconians
  5 purple draconians
  A deep elf annihilator (Vaults:4)
  2 lorocyprocas
  4 yellow draconians
  4 black draconians
  A spark wasp (Depths:3)
  5 red draconians
  10 merfolk javelineers
  3 deep elf death magi
  A blizzard demon (Depths:3)
  5 ettins
  7 great orbs of eyes
  8 merfolk impalers
  11 death oozes
  4 deep elf high priests (Depths:4)
  9 fire dragons
  3 rakshasas
  9 yaktaur captains
  Harold (D:13)
  A hell beast (Depths:3)
  A juggernaut simulacrum (Depths:1)
  2 hydras
  The ghost of Doxiuhun the Thaumaturge, a journeyman GnSk of Okawaru (D:11)
  7 spriggan air magi
  6 catoblepae
  13 centaur warriors
  11 merfolk avatars
  3 alligator snapping turtles
  6 ice dragons
  Erica (D:13)
  2 satyrs
  39 two-headed ogres
  3 death knights
  14 death yaks
  4 deep troll shamans
  A merfolk aquamancer (Shoals:2)
  13 tengu warriors
  16 ogre magi
  A two-headed ogre (shapeshifter) (Vaults:3)
  19 dancing weapons (Elf:2)
  2 hell hogs
  8 deep troll earth magi
  A vampire mage (D:15)
  8 spriggan berserkers
  4 orc high priests (Orc:2)
  Urug (D:13)
  14 deep elf knights
  3 sun demons
  2 soul eaters (Depths:4)
  2 sixfirhies (Depths:3)
  8 skeletal warriors
  2 iron trolls (Depths:3)
  A fire crab (shapeshifter) (Vaults:3)
  7 hell knights
  2 storm dragon skeletons
  16 deep trolls
  2 sea snakes (shapeshifter)
  2 shadow wraiths
  2 unseen horrors
  6 glowing orange brains
  A flayed ghost (Vaults:4)
  A shadow demon (D:1)
  10 sea snakes
  2 tengu zombies
  12 deep elf archers
  A shadow dragon zombie (Depths:2)
  2 wizards
  A glowing orange brain (shapeshifter) (Vaults:2)
  52 deep elf magi
  3 phantasmal warriors (Vaults:3)
  A wolf spider zombie (D:15)
  10 ironbrand convokers
  2 fire giant zombies
  30 harpies
  38 ugly things
  18 orc knights
  13 orc sorcerers
  24 wolf spiders
  An iron dragon zombie (Depths:2)
  7 necromancers
  4 shining eyes
  Pikel (D:5)
  14 orb spiders
  9 cyclopes
  12 manticores
  10 fauns
  10 rust devils
  An iron dragon skeleton (Depths:1)
  11 moths of wrath
  2 stone giant skeletons (Vaults:3)
  3 torpor snails
  An ice statue (Depths:4)
  10 vault sentinels
  10 merfolk sirens
  15 elephants
  An eye of devastation (Slime:2)
  A storm dragon simulacrum (Vaults:3)
  3 water nymphs
  2 gargoyles
  10 spiny frogs
  A spriggan zombie (Depths:2)
  A komodo dragon (shapeshifter) (Vaults:4)
  4 kobold demonologists
  7 rime drakes
  8 komodo dragons
  6 freezing wraiths
  An efreet (Depths:4)
  A yaktaur skeleton (Vaults:3)
  12 demonic crawlers
  24 yaktaurs
  3 ice devils (Depths:4)
  5 tengu conjurers
  6 red devils (Depths:4)
  A tyrant leech (Lair:1)
  37 merfolk
  18 trolls
  8 wind drakes
  113 slime creatures
  19 jumping spiders
  2 meliai zombies (D:13)
  10 hornets
  2 dream sheep (shapeshifter)
  A blink frog (shapeshifter) (Depths:2)
  A hippogriff (shapeshifter) (Vaults:4)
  3 dream sheep (Shoals:1)
  13 blink frogs
  A snapping turtle (shapeshifter) (Vaults:2)
  9 snapping turtles
  8 hippogriffs
  4 flying skulls (Depths:4)
  3 shadows
  2 fire dragon skeletons (Depths:1)
  2 air elementals
  36 tarantellas
  A spriggan (shapeshifter) (Vaults:3)
  2 wyverns
  57 redbacks
  5 spriggans
  29 water elementals
  6 wraiths
  68 yaks
  4 fire bats (D:11)
  4 basilisks
  A vampire (D:11)
  An ice dragon skeleton (Depths:1)
  2 hogs (Shoals:4)
  A chaos spawn (Depths:3)
  5 fire elementals
  2 golden eyes (Slime:5)
  2 golden eyes (shapeshifter)
  20 humans
  2 hogs (shapeshifter)
  4 vampire mosquitoes (D:14)
  A human simulacrum (Vaults:3)
  5 hungry ghosts
  3 swamp worms (Lair:1)
  10 wargs
  4 acid dragons
  A soldier ant (D:10)
  A floating eye (shapeshifter) (Depths:4)
  2 hell hounds
  2 floating eyes
  5 porcupines
  11 water moccasins
  63 orc warriors
  2 phantoms (D:9)
  A black bear (shapeshifter) (Vaults:3)
  6 sky beasts
  4 slaves (D:5)
  2 black bears (D:9)
  4 eyes of draining
  4 ice beasts
  4 ettin simulacra (Depths:4)
  14 boggarts
  A necrophage (D:8)
  37 ogres
  20 centaurs
  13 big kobolds
  11 crocodiles
  20 bullfrogs
  A wyvern zombie (D:13)
  5 earth elementals
  A glowing shapeshifter simulacrum (Vaults:3)
  A wyvern skeleton (D:15)
  3 scorpions
  A troll zombie (D:9)
  3 killer bees (D:8)
  6 electric eels
  8 wights
  7 howler monkeys
  A bullfrog zombie (D:8)
  2 lava snakes (D:11)
  7 crimson imps
  2 centaur zombies (Ossuary)
  2 quasits
  Crazy Yiuf (D:6)
  2 bullfrog skeletons
  6 hounds
  4 jellies
  44 orc priests
  28 orc wizards
  6 centaur skeletons
  2 iron imps (Depths:3)
  Terence (D:3)
  Ijyb (D:5)
  7 iguanas
  3 hell rats
  12 worker ants
  A killer bee zombie (D:9)
  A big kobold zombie (Ossuary)
  5 ogre zombies (D:9)
  5 mummies (Ossuary)
  Robin (D:3)
  4 gnolls (D:10)
  18 adders
  4 shadow imps
  3 white imps
  3 ufetubi (Depths:3)
  4 oozes
  4 worms
  5 dart slugs
  4 leopard geckos
  157 orcs
  A ball python (D:5)
  9 giant cockroaches
  16 goblins
  8 hobgoblins
  11 jackals
  21 kobolds
  2 quokkas
  7 bats
  2 frilled lizards
  A goblin zombie (D:9)
  A hobgoblin skeleton (D:9)
  4 hobgoblin zombies
  3 orc skeletons (D:9)
  12 orc zombies (D:9)
  A quokka skeleton (D:5)
  2 quokka zombies (D:7)
  8 rats
  5 fungi
  4 plants (Shoals:4)
2322 creatures vanquished.

Vanquished Creatures (collateral kills)
  A killer bee (D:8)
  A leopard gecko (D:1)
  2 hobgoblins (D:1)
  A goblin (D:1)
5 creatures vanquished.

Vanquished Creatures (others)
  A quicksilver dragon (Zot:2)
  2 acid blobs (Slime:5)
  A storm dragon (Zot:2)
  An azure jelly (Slime:1)
  A stone giant (Vaults:3)
  A vampire knight (Depths:2)
  A deep elf annihilator (Elf:1)
  2 ettins (Vaults:3)
  2 merfolk impalers (Shoals:4)
  A great orb of eyes (Depths:2)
  A hydra (Lair:6)
  A rakshasa (Depths:2)
  3 two-headed ogres
  A centaur warrior (Depths:2)
  2 death yaks (Lair:6)
  A tengu warrior (Depths:4)
  3 dancing weapons (Elf:2)
  A soul eater (Depths:4)
  A skeletal warrior (Depths:4)
  2 quicksilver dragon simulacra (Depths:4)
  3 harpies
  2 deep elf magi
  A fire giant zombie (Vaults:3)
  A manticore (Shoals:4)
  A rust devil (Depths:4)
  A merfolk siren (Shoals:4)
  A fire giant skeleton (Depths:1)
  2 yaktaurs
  A freezing wraith (Vaults:4)
  A merfolk (Shoals:4)
  A jumping spider (Spider:4)
  A hornet (Depths:1)
  A flying skull (Depths:4)
  2 redbacks
  A spriggan (Depths:1)
  A human (shapeshifter) (Elf:2)
  A water elemental (Depths:1)
  A spriggan (shapeshifter) (Depths:1)
  2 yaks
  A warg (Orc:2)
  A hydra simulacrum (Hell)
  An orc warrior (D:15)
  An ettin simulacrum (Depths:4)
  An ogre (Depths:1)
  A boggart (Vaults:3)
  3 centaurs
  A crocodile (Lair:6)
  An orc wizard (Depths:5)
  A white imp (Depths:3)
  2 orcs
  A kobold (D:11)
  3 bushes (Lair:6)
  A fire vortex (D:11)
  26 fungi
  40 plants
  16 toadstools (D:6)
155 creatures vanquished.

Grand Total: 2482 creatures vanquished

Notes
Turn   | Place    | Note
-------+----------+-------------------------------------------
     0 | D:1      | hairmachine the Minotaur Summoner began the quest for the
                  | Orb.
     0 | D:1      | Reached XP level 1. HP: 14/14 MP: 1/1
    25 | D:1      | Reached skill level 1 in Fighting
   316 | D:1      | Reached skill level 2 in Fighting
   316 | D:1      | Reached XP level 2. HP: 24/24 MP: 0/3
   889 | D:1      | Reached skill level 1 in Maces & Flails
   964 | D:1      | Reached XP level 3. HP: 25/30 MP: 4/4
  1238 | D:1      | You fall into a shaft and drop 1 floor!
  2021 | D:2      | Reached XP level 4. HP: 25/37 MP: 5/5
  2600 | D:2      | Found a shimmering altar of Xom.
  2601 | D:2      | Found a shimmering altar of Xom.
  2601 | D:2      | Found a shimmering altar of Xom.
  2609 | D:2      | Found a shimmering altar of Xom.
  3291 | D:3      | Reached XP level 5. HP: 28/44 MP: 6/6
  3302 | D:3      | Reached skill level 5 in Maces & Flails
  3619 | D:3      | Noticed Robin
  3662 | D:3      | Killed Robin
  3889 | D:3      | Found a shimmering blue altar of Sif Muna.
  4118 | D:3      | Noticed Terence
  4130 | D:3      | Killed Terence
  4474 | D:4      | Found a glowing silver altar of Zin.
  4724 | D:4      | Reached XP level 6. HP: 37/50 MP: 7/7
  5877 | D:4      | Found a staircase to the Ecumenical Temple.
  5882 | Temple   | Entered the Ecumenical Temple
  5889 | Temple   | Became a worshipper of Ru the Awakened
  5944 | D:5      | Entered Level 5 of the Dungeon
  5971 | D:5      | Noticed Ijyb
  5986 | D:4      | Reached XP level 7. HP: 55/56 MP: 8/8
  6015 | D:5      | Killed Ijyb
  6505 | D:5      | Noticed Pikel
  6634 | D:5      | Killed Pikel
  6634 | D:5      | Reached skill level 3 in Fighting
  6634 | D:5      | Reached skill level 10 in Maces & Flails
  6634 | D:5      | Reached XP level 8. HP: 50/66 MP: 9/9
  6648 | D:5      | Reached skill level 4 in Fighting
  7066 | D:5      | Found a burning altar of Makhleb.
  7066 | D:5      | Found a faded altar of an unknown god.
  7071 | D:5      | Found a shattered altar of Ashenzari.
  7074 | D:5      | Found a sparkling altar of Nemelex Xobeh.
  7075 | D:5      | Found a faded altar of an unknown god.
  7650 | D:6      | Found a runed translucent door.
  7651 | D:6      | Noticed Crazy Yiuf
  7907 | D:6      | Reached skill level 5 in Fighting
  7947 | D:6      | Found a blossoming altar of Fedhas.
  8208 | D:6      | Noticed an oklob plant
  8417 | D:6      | Killed Crazy Yiuf
  8432 | D:6      | Got a faintly glowing mace
  8433 | D:6      | Identified the +6 mace of Eternal War {speed, rPois Str+4}
                  | (You found it on level 6 of the Dungeon)
  8471 | D:7      | Found a sand-covered staircase.
  8476 | Ossuary  | Entered an ossuary
  8646 | Ossuary  | Gained mutation: Your cowardice makes you less effective in
                  | combat with threatening monsters. [Ru sacrifice]
  8646 | Ossuary  | Reached * piety under Ru
  8702 | D:7      | Found a blossoming altar of Fedhas.
  8705 | D:7      | Found a stormy altar of Qazlal.
  8810 | D:7      | Found an iron altar of Okawaru.
  8884 | D:7      | Found a shadowy altar of Dithmenos.
  9004 | D:7      | Noticed a cyclops
  9049 | D:7      | Reached XP level 9. HP: 56/75 MP: 10/10
  9322 | D:7      | Reached skill level 5 in Armour
  9488 | D:7      | Reached skill level 6 in Fighting
  9972 | D:8      | Reached skill level 7 in Fighting
 10114 | D:8      | Found a radiant altar of Vehumet.
 10671 | D:8      | Reached skill level 1 in Evocations
 10938 | D:8      | Reached XP level 10. HP: 77/88 MP: 11/11
 10946 | D:8      | Reached skill level 8 in Fighting
 11010 | D:8      | Gained mutation: You cannot be stealthy. [Ru sacrifice]
 11010 | D:8      | Reached ** piety under Ru
 11363 | D:8      | Found a bloodstained altar of Trog.
 11962 | D:9      | Reached skill level 9 in Fighting
 12361 | D:9      | Found a staircase to the Orcish Mines.
 12598 | D:9      | Reached skill level 10 in Fighting
 12798 | D:9      | Gained mutation: You are somewhat inexperienced. (-2 XL)
                  | [Ru sacrifice]
 12798 | D:9      | Reached XP level 9. HP: 85/85 MP: 11/11
 12798 | D:9      | Reached XP level 8. HP: 79/79 MP: 10/10
 12798 | D:9      | Reached *** piety under Ru
 12798 | D:9      | Reached **** piety under Ru
 12839 | D:9      | Reached skill level 5 in Evocations
 12874 | D:9      | Got a dazzling scale mail
 12875 | D:9      | Identified the +4 scale mail of Resilience {rElec Str+3
                  | Int+5} (You found it on level 9 of the Dungeon)
 13021 | D:9      | Reached XP level 9. HP: 78/85 MP: 11/11
 13436 | D:10     | Entered Level 10 of the Dungeon
 13468 | Orc:1    | Entered Level 1 of the Orcish Mines
 13920 | D:10     | Noticed a gargoyle
 13924 | D:10     | Killed a gargoyle
 14622 | D:10     | Found Ruprug's Weapon Shop.
 14644 | D:10     | Reached skill level 1 in Shields
 14645 | D:10     | Reached XP level 10. HP: 94/94 MP: 13/13
 15078 | D:11     | Found a staircase to the Lair.
 15088 | Lair:1   | Entered Level 1 of the Lair of Beasts
 15295 | D:11     | Found a runed translucent gate.
 15296 | D:11     | Found a runed translucent gate.
 15297 | D:11     | Found a runed translucent gate.
 15297 | D:11     | Noticed Doxiuhun's ghost (journeyman GnSk)
 15801 | Lair:1   | Reached skill level 11 in Fighting
 16426 | Lair:1   | Noticed Gastronok
 16525 | Lair:1   | Killed Gastronok
 16525 | Lair:1   | Reached XP level 11. HP: 93/102 MP: 14/14
 16644 | Lair:1   | Gained mutation: You are hated by all. [Ru sacrifice]
 16644 | Lair:1   | Reached ***** piety under Ru
 16770 | Lair:1   | Reached skill level 5 in Dodging
 17180 | Lair:1   | Reached skill level 5 in Shields
 17186 | Lair:1   | Identified Sif Muna's Guide on Vitriolic Shape Shifting
 17486 | Lair:2   | Found a hole to the Spider Nest.
 18074 | Lair:2   | Found a frozen archway.
 18766 | Lair:3   | Reached skill level 1 in Throwing
 18874 | Lair:3   | Reached skill level 12 in Fighting
 19005 | Lair:3   | Gained mutation: Your magical capacity is low. (-10% MP)
                  | [Ru sacrifice]
 19005 | Lair:3   | Reached ****** piety under Ru
 19096 | Lair:3   | Reached XP level 12. HP: 107/112 MP: 13/13
 20603 | Lair:4   | Found a staircase to the Shoals.
 20707 | Lair:4   | Reached skill level 10 in Shields
 20738 | Lair:4   | Noticed a catoblepas
 20815 | Lair:4   | Killed a catoblepas
 22229 | Lair:5   | Noticed a catoblepas
 22259 | Lair:5   | Killed a catoblepas
 22259 | Lair:5   | Reached skill level 13 in Fighting
 22482 | Lair:5   | Got an ichor-stained flail
 22483 | Lair:5   | Identified the +2 flail of Courage {flame, rElec rPois
                  | Int+6} (You found it on level 5 of the Lair of Beasts)
 23079 | Lair:6   | Entered Level 6 of the Lair of Beasts
 23110 | Lair:6   | Killed a death yak
 23110 | Lair:6   | Killed a death yak
 23266 | Lair:6   | Reached skill level 5 in Throwing
 23630 | Lair:6   | Identified a scroll of acquirement
 23978 | Lair:6   | Noticed a seven-headed hydra
 24048 | Lair:6   | Killed a seven-headed hydra
 24100 | Lair:6   | Noticed a catoblepas
 24134 | Lair:6   | Killed a catoblepas
 24134 | Lair:6   | Reached XP level 13. HP: 91/122 MP: 14/14
 25219 | Lair:6   | Found a staircase to the Slime Pits.
 25832 | Lair:6   | Reached skill level 14 in Fighting
 27111 | D:11     | Found the +3 giant club "Skullcrusher" {speed, Str+7}
 27306 | D:11     | Found Haipih's Food Emporium.
 28209 | D:12     | Found a large runed translucent door.
 28209 | D:12     | Found a large runed translucent door.
 28416 | Orc:1    | Reached XP level 14. HP: 133/133 MP: 15/15
 28628 | Orc:2    | Entered Level 2 of the Orcish Mines
 29017 | Orc:2    | Noticed an orc warlord
 29061 | Orc:2    | Killed an orc warlord
 29330 | Orc:1    | Paralysed by an orc sorcerer for 4 turns
 29655 | Orc:2    | Reached skill level 15 in Fighting
 30159 | Orc:2    | Found a staircase to the Elven Halls.
 30572 | Orc:2    | Noticed an orc warlord
 30767 | Orc:2    | Killed an orc warlord
 30767 | Orc:2    | Reached skill level 15 in Shields
 31066 | Orc:2    | Found Nizothroura's Food Shoppe.
 31114 | Orc:2    | Found a roughly hewn altar of Beogh.
 31622 | Orc:2    | Found Dacin's Food Emporium.
 31949 | Orc:2    | Found a roughly hewn altar of Beogh.
 32204 | Orc:2    | Found Nyt Elo's Jewellery Boutique.
 32217 | Orc:2    | Reached skill level 16 in Fighting
 32330 | Orc:2    | Found Ahafuq's Weapon Shop.
 32706 | Orc:2    | Bought a +3 ring of slaying for 630 gold pieces
 32918 | D:12     | Noticed Frances
 32946 | D:12     | Killed Frances
 34179 | D:13     | Found a gate to the Vaults.
 34179 | D:13     | Noticed Urug
 34287 | D:13     | Got a pair of steaming gloves
 34288 | D:13     | Identified the +2 pair of gloves "Wituggie" {+Fly MR+ Int+3
                  | Dex+3} (You acquired it on level 13 of the Dungeon)
 34662 | D:13     | Reached XP level 15. HP: 145/145 MP: 16/16
 35137 | D:13     | Noticed Harold
 35173 | D:13     | Killed Harold
 35173 | D:13     | Reached skill level 17 in Fighting
 35367 | D:13     | Noticed Louise
 35368 | D:13     | Noticed Erica
 35382 | D:13     | Killed Louise
 35386 | D:13     | Killed Erica
 35794 | D:13     | Killed Urug
 35799 | D:13     | You fall into a shaft and drop 2 floors!
 35799 | D:15     | Entered Level 15 of the Dungeon
 36703 | D:14     | Noticed Nessos
 36716 | D:14     | Killed Nessos
 37669 | D:15     | Found a staircase to the Depths.
 38559 | D:11     | Killed Doxiuhun's ghost
 38718 | Depths:1 | Entered Level 1 of the Depths
 39014 | Depths:1 | Noticed Nikola
 39490 | Depths:1 | Reached skill level 18 in Fighting
 39490 | Depths:1 | Reached XP level 16. HP: 128/157 MP: 18/18
 39688 | D:15     | Reached skill level 10 in Armour
 40701 | Depths:1 | Killed Nikola
 40958 | Depths:1 | Found a gateway to Hell.
 41452 | Depths:1 | Found a gateway to a ziggurat.
 41686 | Depths:1 | Found a one-way gate to the infinite horrors of the Abyss.
 42255 | Orc:2    | Bought an uncursed ring of protection from cold for 350
                  | gold pieces
 43151 | Depths:1 | Reached skill level 19 in Fighting
 45449 | Depths:3 | Noticed Boris
 45467 | Depths:2 | Reached XP level 17. HP: 118/169 MP: 16/19
 45698 | Depths:3 | Killed Boris
 46140 | Depths:3 | Reached skill level 20 in Fighting
 46763 | Depths:3 | Found a one-way gate leading to the halls of Pandemonium.
 48248 | Depths:3 | Noticed a caustic shrike
 48266 | Depths:3 | Killed a caustic shrike
 49616 | Depths:4 | Noticed Boris
 49618 | Depths:4 | Noticed Xtahua
 52000 | Depths:4 | Noticed a tentacled monstrosity
 52383 | Elf:1    | Entered Level 1 of the Elven Halls
 52649 | Elf:1    | Reached XP level 18. HP: 155/180 MP: 20/20
 53124 | Elf:1    | Gained mutation: You are dopey. (Int -2) [a neqoxec]
 53273 | Elf:1    | Found a portal to a secret trove of treasure.
 53687 | Elf:1    | Identified the Incunabulum of Battle Magic
 54226 | Elf:1    | Found Dawn's Book Shop.
 54816 | Elf:2    | Found a huge runed translucent gate.
 54837 | Elf:2    | Found a huge runed translucent gate.
 54837 | Elf:2    | Found a huge runed translucent gate.
 54838 | Elf:2    | Found a huge runed translucent gate.
 54838 | Elf:2    | Found a huge runed translucent gate.
 56261 | Elf:2    | Reached skill level 10 in Throwing
 56603 | Elf:2    | Reached skill level 21 in Fighting
 57477 | Hell     | Entered the Vestibule of Hell
 57477 | Hell     | Noticed Geryon
 58219 | Depths:1 | Upgraded the game from 0.24.0-124-g2791043dd8 to
                  | 0.24.0-125-gc4c63601f3
 58347 | Spider:1 | Entered Level 1 of the Spider Nest
 59973 | Spider:2 | Reached skill level 10 in Dodging
 60487 | Spider:2 | Got a bound steel ring
 60496 | Spider:2 | Identified the ring of Xom's Best Wishes {Wiz rPois rF-
                  | Int+2} (You found it on level 2 of the Spider Nest)
 61094 | Spider:2 | Reached XP level 19. HP: 190/190 MP: 21/21
 62432 | Spider:4 | Entered Level 4 of the Spider Nest
 64533 | Spider:4 | Reached skill level 22 in Fighting
 64912 | Spider:4 | Got a gossamer rune of Zot
 65183 | Shoals:1 | Entered Level 1 of the Shoals
 68876 | Shoals:3 | Noticed Polyphemus
 69091 | Shoals:3 | Killed Polyphemus
 69115 | Shoals:3 | Reached XP level 20. HP: 178/202 MP: 16/22
 69782 | Shoals:4 | Entered Level 4 of the Shoals
 73040 | Shoals:3 | Reached skill level 15 in Armour
 73407 | Shoals:4 | Got a barnacled rune of Zot
 73583 | Shoals:4 | Noticed Kirke
 73603 | Shoals:4 | Killed Kirke
 73864 | Shoals:4 | Noticed Ilsuiw
 73919 | Shoals:4 | Killed Ilsuiw
 73919 | Shoals:4 | Reached skill level 23 in Fighting
 74392 | Vaults:1 | Entered Level 1 of the Vaults
 75217 | Vaults:1 | Found Estrissau's Antique Armour Boutique.
 75223 | Vaults:1 | Identified the cursed +1 ring mail "Duoco" {-Cast Str+2
                  | SInv}
 76250 | Vaults:1 | Bought a scorched plate armour for 1036 gold pieces
 76250 | Vaults:1 | Identified the cursed +1 plate armour "Soiriac" {Str+3}
                  | (You bought it in a shop on level 1 of the Vaults)
 76254 | Vaults:1 | Bought an embroidered scarf for 296 gold pieces
 77400 | Vaults:2 | Reached XP level 21. HP: 200/212 MP: 23/23
 78727 | Vaults:2 | Got a flickering turquoise ring
 78728 | Vaults:2 | Identified the ring "Esonifu" {+Fly Stlth+} (You found it
                  | on level 2 of the Vaults)
 79394 | Vaults:2 | Found a staircase to the Crypt.
 79394 | Vaults:2 | Found an ancient bone altar of Kikubaaqudgha.
 79395 | Vaults:2 | Found a basalt altar of Yredelemnul.
 80438 | Vaults:3 | Reached skill level 24 in Fighting
 80932 | Vaults:3 | Noticed Aizul
 80955 | Vaults:3 | Killed Aizul
 83980 | Vaults:4 | Reached XP level 22. HP: 224/224 MP: 24/24
 86629 | Depths:4 | Killed Boris
 87051 | Depths:4 | Found an ornate altar of the Wu Jian Council.
 87289 | Depths:4 | Killed Xtahua
 87428 | Depths:4 | Identified the +10 glaive of Compulsion {chop, rElec Str+7}
 88026 | Depths:3 | Reached skill level 15 in Throwing
 88185 | Depths:4 | Reached skill level 25 in Fighting
 88472 | Depths:4 | Found a shimmering blue altar of Sif Muna.
 88657 | Depths:4 | Found a basalt altar of Yredelemnul.
 89375 | Depths:4 | Found a glowing silver altar of Zin.
 89375 | Depths:4 | Noticed a golden dragon
 89404 | Depths:4 | Killed a golden dragon
 90125 | Depths:5 | Entered Level 5 of the Depths
 90469 | Depths:4 | Reached skill level 26 in Fighting
 90495 | Depths:5 | Noticed a golden dragon
 90503 | Depths:5 | Noticed Saint Roka
 90779 | Depths:5 | Paralysed by a floating eye for 4 turns
 90787 | Depths:4 | Paralysed by a floating eye for 3 turns
 91039 | Depths:5 | Noticed Margery
 91163 | Depths:4 | Killed Margery
 91163 | Depths:4 | Reached XP level 23. HP: 100/237 MP: 25/25
 91753 | Depths:5 | Killed Saint Roka
 91834 | Depths:5 | Found a shattered altar of Ashenzari.
 92546 | Depths:5 | Found a gate to the Realm of Zot.
 92573 | Depths:5 | Reached skill level 27 in Fighting
 92783 | Depths:5 | Found Irioluj's Jewellery Boutique.
 92783 | Depths:5 | Found Wiomnefi's Gadget Shoppe.
 92784 | Depths:5 | Found Liph's Jewellery Boutique.
 92789 | Depths:5 | Bought the ring of Juzxaur {rElec rF+ Str-5 Dex+3} for 487
                  | gold pieces
 93575 | Slime:1  | Entered Level 1 of the Pits of Slime
 93974 | Slime:2  | Gained mutation: You are weak. (Str -2) [a shining eye]
 94930 | Slime:5  | Entered Level 5 of the Pits of Slime
 95063 | Slime:5  | Noticed the Royal Jelly
 95198 | Slime:5  | Killed the Royal Jelly
 96009 | Slime:5  | Got an ancient copper amulet
 96012 | Slime:5  | Identified the amulet of Mysticism {RegenMP rElec rN+++
                  | Str+2 Int-5} (You found it on level 5 of the Pits of Slime)
 96025 | Slime:5  | Got an ancient crystal amulet
 96026 | Slime:5  | Identified the amulet of Equilibrium {Spirit *Slow rF+ rC+
                  | Dex+4} (You acquired it on level 5 of the Pits of Slime)
 96069 | Slime:5  | Got a slimy rune of Zot
 96097 | Slime:5  | Identified Uvyvec's Volume of Boosts and Necromancy
 96180 | Slime:5  | Got a heavily runed plate armour
 96181 | Slime:5  | Identified the cursed +1 plate armour of the Unseen Realm
                  | {-Tele rF++ rCorr Int+4} (You found it on level 5 of the
                  | Pits of Slime)
 96401 | Slime:5  | Reached XP level 24. HP: 233/249 MP: 25/25
 97150 | Zot:1    | Entered Level 1 of the Realm of Zot
 99147 | Zot:5    | Entered Level 5 of the Realm of Zot
 99508 | Zot:5    | Found Enohum's Changing Room.
 99518 | Zot:5    | Bought a potion of mutation for 160 gold pieces
 99973 | Zot:5    | Noticed an ancient lich
100005 | Zot:5    | Killed an ancient lich
100283 | Zot:5    | Noticed an ancient lich
100296 | Zot:5    | Paralysed by an ancient lich for 6 turns
100314 | Zot:5    | Killed an ancient lich
100377 | Zot:5    | Noticed an ancient lich
100387 | Zot:5    | Gained mutation: You are very weak. (Str -4) [mutagenic
                  | glow]
100409 | Zot:5    | Killed an ancient lich
100409 | Zot:5    | Reached XP level 25. HP: 142/257 MP: 25/25
100651 | Zot:5    | Noticed an ancient lich
100669 | Zot:5    | Killed an ancient lich
100675 | Zot:5    | Noticed a Killer Klown
100754 | Zot:5    | Killed a Killer Klown
101439 | Zot:5    | Noticed an orb of fire
101459 | Zot:5    | Noticed an ancient lich
101461 | Zot:5    | Killed an orb of fire
101470 | Zot:5    | Killed an ancient lich
101475 | Zot:5    | Noticed an ancient lich
101668 | Zot:5    | Killed an ancient lich
102671 | Zot:5    | Noticed an ancient lich
102672 | Zot:5    | Noticed an orb of fire
102672 | Zot:5    | Noticed an ancient lich
102673 | Zot:5    | Noticed an orb of fire
102673 | Zot:5    | Noticed an orb of fire
102675 | Zot:5    | Noticed a Killer Klown
103107 | Zot:5    | Noticed an ancient lich
103126 | Zot:5    | Killed an ancient lich
103268 | Zot:5    | Killed an ancient lich
103316 | Zot:5    | Noticed an ancient lich
103362 | Zot:5    | Killed an ancient lich
103441 | Zot:5    | Killed a Killer Klown
103973 | Zot:5    | Noticed an ancient lich
104019 | Zot:5    | Killed an ancient lich
104470 | Zot:5    | Got the Orb of Zot
104511 | Zot:5    | Gained mutation: You tend to lose your temper in combat.
                  | [an orb of fire]
104524 | Zot:5    | Killed an orb of fire
104524 | Zot:5    | Reached skill level 15 in Dodging
104986 | D:$      | Escaped with the Orb!

Levels and vault maps discovered:
D:1:      dpeg_arrival_prison, layout_loops_cross
D:2:      layout_basic, xom_redecorated
D:3:      layout_basic, marbit_many_paths, uniq_robin, uniq_terence
D:4:      cheibrodos_helix_gallery, layout_loops_cross, zin_statuary,
          minmay_temple_entry_nine_rooms, hex_medium, minmay_hedge_maze
D:5:      layout_rooms, chequers_temple_overflow_minitemple, first_ration,
          uniq_pikel, uniq_ijyb
D:6:      layout_loops_ring, tgw_fedhas, uniq_crazy_yiuf_cottage
D:7:      minmay_the_grid_four_pointed_star
          [minmay_the_grid_triangle_9x9_swiss_cheese,
          minmay_the_grid_triangle_9x9_impossible_snake,
          minmay_the_grid_triangle_9x9_warning,
          minmay_the_grid_triangle_9x9_wacky_v, minmay_the_grid_prize_big_room],
          layout_basic, nicolae_dithmenos_the_darkroom,
          grunt_temple_overflow_forces_of_nature, enter_ossuary_5,
          okawaru_altar_gauntlet_db
D:8:      minmay_goldmine, layout_loops_ring, old_standard_altar,
          lightli_temple_of_fire, minmay_between
D:9:      layout_layer_cave, zombieorc1_lemuel, serial_glass, glass_columns_b,
          glass_columns_a
D:10:     layout_basic, serial_shops, shop, hangedman_pestilent_swarm,
          hangedman_glass_teeth, water_boxes_lemuel
D:11:     layout_small_grid, lair_entry_dummy, serial_shops,
          nicolae_shop_waterfront, gammafunk_ghost_nasty_kobolds,
          hangedman_incinerator
D:12:     layout_irregular_city, lightli_elemental_guards, uniq_frances
D:13:     layout_basic, david_vaults_3, sword_in_stone
D:14:     layout_loops_corners, solitary_fountain,
          eino_small_chamber_without_monster, uniq_nessos
D:15:     grunt_enter_depths_hoard, layout_basic, serial_bayou_pond_d
Temple:   nicolae_temple_x_marks_the_god
Lair:1:   layout_regular_city, worms_lemuel, grunt_megastairs_1, uniq_gastronok
Lair:2:   layout_chaotic_city, nicolae_spider_entry_non_spiders,
          portal_ice_cave_rime
Lair:3:   layout_layer_cave, chequers_serial_rivers_small_a
Lair:4:   layout_loops_ring, elwin_shoals_entry_rocks, st_stairs_13,
          minmay_stone_trees_small
Lair:5:   layout_small_grid, serial_bayou_shore_b
Lair:6:   evilmike_catoblepas_cave, layout_long_grid,
          nicolae_slime_entry_slimehenge, serial_bayou_shore_a,
          lemuel_fruit_tree
Shoals:1: layout_shoals
Shoals:2: layout_shoals
Shoals:3: layout_shoals, uniq_polyphemus
Shoals:4: shoals_end_simple, layout_shoals, shoals_ilsuiw_alternative,
          nicolae_shoals_hunting_party, uniq_kirke
Spider:1: layout_spider_delve
Spider:2: layout_chambers
Spider:3: layout_spider_delve, hangedman_spider_tarantella_strand
Spider:4: grunt_spider_rune_circles
Slime:1:  layout_caves, cheibrodos_slime_lost_civilization_6
Slime:2:  layout_caves
Slime:3:  layout_caves, basic_altar
Slime:4:  layout_caves, nicolae_slime_phagocytosis
Slime:5
Orc:1:    layout_caves
Orc:2:    pubby_orc_utopia
Elf:1:    minmay_elf_arrival_plus, layout_onion_city, serial_shops, shop,
          enter_trove_2, minmay_elf_annihilation
Elf:2:    layout_geoelf_grid
Vaults:1: st_lattice, nicolae_vaults_asterisk, vaults_room_fours, v_pattern_3,
          hangedman_vaults_stream, v_misc_23, grunt_vaults_focal,
          hangedman_vaults_snaps, v_misc_17, v_misc_15, ontoclasm_vaults_eye,
          nicolae_vaults_shelves_hall, nicolae_vaults_ring_of_whatevers,
          layout_vaults_ring, serial_shops, nicolae_shop_stone
Vaults:2: v_alt_pattern_1, nicolae_vaults_ninety_degrees, v_misc_17,
          nicolae_vaults_alarming, v_rooms_2, minmay_crypt_entry_necro_gods,
          v_misc_12, st_octagons_2, nicolae_vaults_circle_grid_a,
          hangedman_vaults_nodes, v_misc_10, ontoclasm_vaults_twist,
          nicolae_vaults_ring_of_whatevers, layout_vaults_maze_bifur
Vaults:3: v_misc_22, dpeg_vaults_monster_row, v_misc_13,
          nicolae_vaults_little_squares_6, v_misc_19, ontoclasm_vaults_pinch,
          v_misc_3, vaults_room_door_hall, hangedman_vaults_capsules,
          nicolae_vaults_asterisk, nicolae_vaults_what_the_h, dpeg_vaults_waves,
          layout_vaults_big_cross, mu_enter_wizlab_4, uniq_aizul
Vaults:4: vaults_dpeg_cross, hangedman_vaults_hat, v_misc_8,
          grunt_vaults_bifocal, nicolae_vaults_ring_of_whatevers,
          nicolae_vaults_network_quincunx
          [nicolae_vaults_network_quincunx_subvault,
          nicolae_vaults_network_quincunx_subvault,
          nicolae_vaults_network_quincunx_subvault,
          nicolae_vaults_network_quincunx_subvault,
          nicolae_vaults_network_quincunx_subvault], v_misc_3, st_more_cells,
          hangedman_vaults_trim, nicolae_vaults_triangles,
          vaults_room_large_hall, hangedman_vaults_nails, layout_vaults_omnibox
Depths:1: layout_cave_pools, enter_ziggurat_c, minivault_14,
          hangedman_coc_ice_floe, abyss_entry_crystal, kennysheep_small_circle,
          uniq_nikola
Depths:2: cheibrodos_quadrivalence, layout_cave_shapes,
          serial_sigils_hangedman_gut, hell_entry, serial_sigils,
          serial_sigils_hangedman_leer, serial_sigils_hangedman_gnaw,
          serial_sigils_hangedman_scar, serial_sigils_hangedman_scratch,
          serial_sigils_hangedman_shear, serial_sigils_hangedman_snap
Depths:3: minmay_broken_ring, layout_basic, grunt_pan_entry_sceptre, hell_entry,
          nrook_mini_backslash, patterned_corridor, serial_bayou_shore_b,
          minmay_staircase_bubble, uniq_boris
Depths:4: grunt_profane_halls [grunt_profane_temple_tar,
          grunt_profane_temple_coc, grunt_profane_temple_geh,
          grunt_profane_temple_dis, grunt_profane_loot], hell_entry,
          abyss_entry, uniq_xtahua
Depths:5: grunt_zot_entry_bicorn, layout_cave_pools, hell_entry,
          nicolae_ashenzari_panopticon, minmay_shop_grove, uniq_saint_roka,
          uniq_margery
Hell
Zot:1:    layout_twisted_circle, gammafunk_ghost_necromancy,
          st_single_dragon_hoard_4
Zot:2:    layout_misc_corridors
Zot:3:    circus_mu, layout_cathedral_of_symmetry
Zot:4:    layout_concentric_octagons
Zot:5:    layout_onion, nicolae_transmutations_shop

Skill      XL: |  1  2  3  4  5  6  7  8  9 10 11 12 13 14 15 16 17 18 19 20 21 22 23 24 25 |
---------------+----------------------------------------------------------------------------+-----
Fighting       | 2 3 5 7 11 12 13 14 16 18 19 20 21 22 23 24 26 27 | 27.0
Maces & Flails | 1 3 4 6 8 10 11 13 14 | 14.0
Armour         | 2 4 5 7 8 9 10 11 13 14 15 19 21 22 | 22.9
Evocations     | 5 1 6 7 8 |  8.0
Stealth        | 0 |  0.0
Dodging        | 3 4 6 7 10 12 15 | 15.0
Shields        | 1 4 8 11 14 16 17 19 20 21 22 23 24 25 | 25.0
Throwing       | 2 5 7 8 9 10 12 14 15 18 19 | 19.7
Spellcasting   | |  1.3
Summonings     | |  2.9

Action                   |  1- 3 |  4- 6 |  7- 9 | 10-12 | 13-15 | 16-18 | 19-21 | 22-24 | 25-27 || total
-------------------------+-------+-------+-------+-------+-------+-------+-------+-------+-------++-------
Melee: Unarmed           |    27 |       |       |       |       |       |       |       |       ||    27
       Headbutt          |    16 |    31 |   102 |   222 |   522 |   525 |   879 |   692 |   123 ||  3112
       Dagger            |    24 |       |       |       |       |       |       |       |       ||    24
       Whip              |    75 |    77 |   113 |       |     5 |       |       |       |       ||   270
       Mace              |       |    47 |   389 |   936 |  1815 |   122 |       |       |       ||  3309
       Flail             |       |   112 |    94 |       |       |  1883 |  3221 |  1209 |       ||  6519
       Demon whip        |       |       |       |       |       |       |       |  1062 |   414 ||  1476
Throw: Stone             |     2 |       |       |       |       |       |       |       |       ||     2
       Dart              |       |       |       |    21 |    14 |       |       |       |       ||    35
       Boomerang         |       |       |       |       |    25 |    90 |   116 |    23 |       ||   254
       Javelin           |       |       |       |       |       |       |       |     9 |    11 ||    20
       Throwing net      |       |       |       |       |       |       |       |     7 |       ||     7
 Cast: Summon Small Mamm |     4 |       |       |       |       |       |       |       |       ||     4
Invok: Sacrifice Courage |       |       |     1 |       |       |       |       |       |       ||     1
       Sacrifice Experie |       |       |     1 |       |       |       |       |       |       ||     1
       Sacrifice Stealth |       |       |       |     1 |       |       |       |       |       ||     1
       Draw Out Power    |       |       |       |     1 |       |       |       |       |       ||     1
       Sacrifice Essence |       |       |       |     1 |       |       |       |       |       ||     1
       Sacrifice Love    |       |       |       |     1 |       |       |       |       |       ||     1
       Power Leap        |       |       |       |     1 |       |     2 |       |       |       ||     3
       Apocalypse        |       |       |       |       |       |     8 |     4 |     5 |     2 ||    19
 Abil: Evoke Berserk Rag |       |       |       |       |     1 |       |     1 |     2 |       ||     4
       Evoke Flight      |       |       |       |       |       |     1 |     4 |       |       ||     5
       Stop Flying       |       |       |       |       |       |     1 |       |       |       ||     1
       Evoke Invisibilit |       |       |       |       |       |       |       |     1 |     1 ||     2
Evoke: Wand              |       |       |     7 |    12 |    10 |     2 |     2 |     1 |       ||    34
       Phantom mirror    |       |       |       |     1 |       |       |       |       |       ||     1
       Lightning rod     |       |       |       |       |       |     3 |       |       |       ||     3
       Lamp of fire      |       |       |       |       |       |     1 |     1 |       |       ||     2
       Phial of floods   |       |       |       |       |       |       |       |     1 |       ||     1
  Use: Scroll            |     2 |     1 |    14 |    15 |     9 |     9 |     9 |    20 |     1 ||    80
       Potion            |       |     2 |       |     1 |     1 |     9 |     4 |       |     6 ||    23
 Stab: Sleeping          |     1 |       |       |       |       |       |       |       |       ||     1
       Confused          |       |       |     1 |       |       |       |     1 |       |       ||     2
       Invisible         |       |       |       |     8 |    11 |    16 |    27 |    17 |     6 ||    85
       Distracted        |       |       |       |     3 |     4 |     7 |    21 |    14 |       ||    49
       Paralysed         |       |       |       |     1 |    15 |    21 |    24 |     9 |     1 ||    71
       Petrified         |       |       |       |     1 |     3 |       |       |     7 |       ||    11
       Held in net/web   |       |       |       |       |       |       |       |     4 |       ||     4
       Petrifying        |       |       |       |       |       |       |       |       |     2 ||     2
  Eat: Chunk             |    10 |    16 |    30 |    30 |    47 |    49 |    75 |    35 |       ||   292
       Ration            |       |       |       |       |     1 |     6 |     1 |     6 |     6 ||    20
Armor: Robe              |    14 |       |       |       |       |       |       |       |       ||    14
       Chain mail        |    30 |   105 |   115 |       |       |   437 |   733 |   198 |       ||  1618
       Scale mail        |       |       |    43 |   110 |   175 |    18 |       |       |       ||   346
       Plate armour      |       |       |    44 |    53 |       |       |       |       |       ||    97
       Gold dragon scale |       |       |       |       |       |       |       |   387 |    80 ||   467
Dodge: Dodged            |    75 |    70 |   135 |   142 |   216 |   280 |   611 |   304 |    41 ||  1874
Block: Shield            |       |       |    10 |   155 |   105 |       |       |       |       ||   270
       Large shield      |       |       |       |       |   756 |  1450 |  2876 |  1752 |   247 ||  7081
